Map: Sanctuary III LE

Players

Reynor

  • Race: Zerg Zerg
  • League: Master
  • Spawn Location: 1:00

liquidclem (Clem) - Winner!

  • Race: Terran Terran
  • League: Grandmaster
  • Spawn Location: 7:00

Event: HomeStory Cup XXIX

VOD

Have the link to the VOD?

Description

Time

  • Played on: July 5, 2026, 1:15 p.m.
  • Length: 21:29

All games in this series

Show
View Real Time Build Order
Export as new Build Order

Reynor Zerg 

Build Orders: Hatch First 

Get SALT Encoding   

  8  0:00  Drone  
  9  0:11  Drone  
  10  0:16  Drone  
  11  0:22  Drone  
  12  0:32  Overlord  
  12  0:40  Extractor  
  12  0:41  Drone  
  13  0:50  Drone  
  13  0:51  Drone  
  15  1:10  Hatchery  
  14  1:15  Drone  
  14  1:17  Drone  
  16  1:22  Drone  
  17  1:36  Spawning Pool  
  17  1:39  Drone  
  17  1:42  Extractor  
  17  1:44  Drone  
  17  1:50  Drone  
  18  2:00  Drone  
  19  2:10  Overlord  
  19  2:23  Queen x2, Zergling x2  
  19  2:28  Zergling x2  
  25  2:30  Zergling x2  
  25  2:33  Drone  
  27  2:40  Drone  
  28  2:45  Drone  
  28  2:50  Drone  
  30  2:55  Drone  
  31  2:59  Overlord  
  31  3:03  Drone  
  32  3:12  Hatchery  
  32  3:15  Metabolic Boost  
  32  3:18  Drone  
  32  3:21  Drone  
  32  3:23  Drone  
  32  3:25  Drone  
  35  3:30  Drone  
  36  3:34  Queen  
  36  3:36  Drone  
  36  3:41  Spore Crawler  
  38  3:44  Overlord  
  38  3:45  Drone  
  40  3:51  Overlord  
  40  4:01  Queen  
  42  4:03  Drone  
  42  4:04  Drone x2  
  42  4:05  Drone, Zergling x2  
  42  4:06  Zergling x2  
  48  4:11  Queen  
  48  4:13  Drone  
  48  4:16  Drone  
  52  4:17  Drone  
  52  4:23  Overlord  
  53  4:25  Drone  
  53  4:28  Queen  
  53  4:30  Zergling x2  
  57  4:33  Zergling x2  
  57  4:34  Zergling x2  
  57  4:35  Drone  
  57  4:38  Overlord  
  60  4:43  Queen  
  60  4:45  Drone  
  63  4:46  Drone  
  63  4:47  Drone  
  63  4:50  Drone x2  
  67  4:55  Lair  
  67  4:56  Drone  
  68  5:01  Spore Crawler  
  68  5:02  Drone  
  68  5:03  Drone, Spore Crawler  
  68  5:06  Spore Crawler  
  67  5:08  Drone  
  67  5:10  Drone x2  
  70  5:14  Drone x2  
  70  5:15  Drone  
  70  5:19  Extractor, Overlord  
  72  5:22  Drone x2  
  72  5:27  Zergling x4  
  76  5:31  Overlord  
  76  5:37  Queen  
  76  5:38  Drone x6  
  84  5:44  Overlord, Evolution Chamber  
  84  5:47  Drone x3  
  84  5:50  Drone  
  84  5:51  Drone x2  
  84  5:52  Extractor  
  84  5:54  Overseer  
  84  5:56  Overlord  
  86  5:59  Drone x2  
  86  6:00  Drone x2  
  86  6:01  Drone  
  86  6:03  Evolution Chamber  
  90  6:06  Overlord  
  90  6:12  Drone x3  
  90  6:13  Overlord  
  90  6:16  Zerg Ground Armor Level 1  
  90  6:17  Zergling x4  
  93  6:20  Baneling Nest  
  93  6:21  Extractor  
  93  6:22  Extractor  
  93  6:23  Zergling x2  
  93  6:25  Queen  
  91  6:29  Zerg Melee Weapons Level 1  
  91  6:30  Zergling x4  
  95  6:34  Queen  
  95  6:35  Hatchery  
  95  6:38  Zergling x6  
  99  6:41  Zergling x2  
  99  6:44  Zergling x2  
  101  6:48  Zergling x6  
  101  6:54  Hatchery  
  103  6:57  Zergling x8  
  103  7:00  Overlord  
  107  7:01  Zergling x2  
  107  7:04  Centrifugal Hooks  
  107  7:05  Zergling x2  
  109  7:09  Zergling x2  
  109  7:11  Queen  
  109  7:12  Drone  
  109  7:14  Overlord  
  113  7:17  Baneling x5  
  113  7:18  Zergling x8  
  113  7:19  Zergling x2  
  117  7:25  Drone  
  117  7:28  Drone  
  115  7:31  Drone  
  115  7:36  Drone  
  116  7:38  Drone  
  116  7:39  Burrow, Baneling x2  
  116  7:40  Baneling  
  116  7:43  Drone x3  
  114  7:44  Zergling x2  
  114  7:47  Zergling x10  
  114  7:50  Zergling x2  
  120  7:52  Zergling x2, Queen  
  120  7:55  Queen  
  124  7:59  Zergling x6  
  124  8:00  Zergling x4  
  124  8:02  Zergling x4  
  124  8:05  Hatchery  
  128  8:08  Zergling x4  
  128  8:12  Drone x2  
  127  8:14  Drone x2, Zerg Ground Armor Level 2  
  127  8:17  Drone x3  
  127  8:19  Drone x3  
  132  8:21  Infestation Pit  
  132  8:25  Zergling x2  
  132  8:26  Zergling x14  
  139  8:36  Zergling x2  
  139  8:38  Overlord x3  
  139  8:40  Overseer  
  139  8:41  Baneling x4  
  139  8:45  Baneling x4  
  139  8:49  Overlord  
  139  8:53  Spore Crawler  
  138  8:57  Zergling x12  
  138  8:58  Zergling x10  
  138  9:00  Hive  
  138  9:02  Infestor x2, Zergling x2  
  150  9:04  Overlord  
  150  9:06  Baneling  
  150  9:07  Zergling x2  
  150  9:08  Zergling x12  
  150  9:09  Zerg Melee Weapons Level 2  
  157  9:11  Drone  
  157  9:12  Drone x2  
  157  9:18  Spore Crawler  
  157  9:19  Zergling x8  
  159  9:25  Zergling x12  
  159  9:26  Zergling x4  
  159  9:28  Overlord  
  166  9:33  Zergling x4, Queen  
  166  9:38  Hydralisk Den, Zergling x12  
  172  9:40  Zergling x4  
  172  9:41  Zergling x4  
  172  9:42  Zergling x2  
  172  9:43  Zergling x4  
  175  9:51  Zergling x8  
  175  9:52  Zergling x10  
  184  9:53  Overlord  
  184  9:59  Zergling x4  
  183  10:02  Baneling x2  
  183  10:03  Baneling, Zergling x8  
  183  10:04  Zergling x4  
  177  10:07  Baneling x8  
  177  10:09  Zergling x6  
  177  10:16  Zergling x12  
  177  10:20  Zergling x10  
  174  10:24  Adrenal Glands  
  174  10:25  Muscular Augments  
  174  10:26  Hydralisk x7  
  188  10:37  Zerg Ground Armor Level 3  
  188  10:38  Overseer, Lurker Den  
  188  10:40  Overlord  
  187  10:45  Drone x4  
  187  10:47  Overlord  
  191  10:51  Overlord  
  191  10:53  Baneling x7  
  184  10:59  Zergling x2  
  184  11:00  Zergling x38  
  180  11:06  Queen  
  180  11:08  Baneling x2  
  180  11:09  Drone x5  
  173  11:12  Zergling x4  
  173  11:17  Zergling x4  
  173  11:18  Zergling x6  
  176  11:19  Zergling x2  
  176  11:23  Drone x2  
  176  11:24  Drone  
  180  11:31  Zergling x10  
  184  11:34  Baneling x4, Overseer  
  184  11:43  Baneling x9  
  184  11:45  Seismic Spines  
  184  11:48  Baneling x2  
  184  11:52  Zergling x26  
  184  11:53  Zergling x4  
  184  11:54  Zergling x4  
  191  12:00  Hydralisk  
  191  12:01  Hydralisk, Zergling x14  
  183  12:07  Overlord  
  183  12:08  Infestor  
  186  12:10  Zerg Missile Weapons Level 1  
  182  12:21  Zergling x18  
  191  12:24  Baneling x9  
  190  12:33  Pneumatized Carapace  
  190  12:43  Adaptive Talons  
  189  12:45  Zergling x2  
  189  12:46  Zergling x18  
  190  12:57  Overseer  
  190  13:03  Zergling x18  
  190  13:05  Overseer  
  199  13:08  Grooved Spines  
  199  13:10  Hydralisk  
  199  13:11  Zergling x6  
  199  13:20  Zergling x2  
  199  13:21  Extractor  
  199  13:22  Spore Crawler  
  199  13:26  Baneling x9  
  198  13:31  Spore Crawler  
  181  13:34  Zergling x8  
  181  13:35  Zergling x2  
  181  13:36  Zergling x34  
  196  13:50  Zergling x4  
  196  13:54  Lurker x2  
  199  14:07  Zerg Melee Weapons Level 3  
  199  14:12  Hatchery  
  188  14:27  Hydralisk x6  
  188  14:29  Zergling x8  
  188  14:30  Zergling x16  
  191  14:39  Viper x2  
  191  14:44  Zerg Missile Weapons Level 2  
  191  14:45  Spire  
  196  14:53  Viper  
  196  14:57  Overseer  
  196  15:20  Zergling x2  
  196  15:21  Zergling x6  
  189  15:35  Zergling x38  
  181  15:36  Zergling x6  
  181  15:38  Infestor, Hydralisk  
  181  15:39  Zergling x12  
  181  15:41  Zergling x6  
  181  15:42  Zergling x2  
  191  15:51  Unknown  
  191  15:55  Zergling x8  
  191  15:56  Zergling x8  
  197  16:04  Hatchery, Baneling x3  
  194  16:06  Zergling x12  
  187  16:19  Zergling x16  
  187  16:21  Zergling x4  
  187  16:23  Zergling x6  
  187  16:25  Hydralisk  
  180  16:26  Zergling x8  
  180  16:30  Hydralisk  
  180  16:31  Zergling x10  
  180  16:35  Zergling x2  
  180  16:37  Hydralisk  
  180  16:38  Zergling x2, Infestor  
  180  16:39  Queen  
  174  16:43  Zergling x4  
  174  16:44  Infestor  
  180  16:49  Overseer  
  180  16:50  Zergling x8  
  180  16:51  Zergling x2  
  185  16:57  Zergling x4  
  185  17:00  Zergling x14  
  185  17:01  Zergling x6  
  197  17:03  Spore Crawler  
  197  17:05  Spine Crawler  
  195  17:10  Infestor  
  195  17:15  Zergling x8  
  198  17:21  Zergling x22  
  199  17:26  Hydralisk  
  199  17:27  Zergling x4  
  197  17:40  Zergling x12  
  200  17:51  Hydralisk, Zergling x4  
  169  17:52  Zergling x24  
  169  17:53  Zergling x2  
  169  17:54  Zergling x4  
  169  17:57  Hydralisk x2, Zergling x2  
  169  17:58  Infestor  
  159  18:08  Corruptor x4  
  159  18:09  Corruptor, Zergling x2  
  159  18:10  Zergling x6  
  175  18:12  Corruptor  
  175  18:13  Zergling x4  
  175  18:17  Hatchery  
  175  18:19  Zergling x2  
  180  18:20  Zergling x4  
  180  18:22  Overseer x2  
  180  18:26  Zergling x8  
  183  18:30  Ultralisk Cavern  
  183  18:31  Corruptor  
  183  18:33  Overlord  
  183  18:36  Zergling x2  
  183  18:38  Overlord  
  183  18:39  Drone, Zergling x2  
  183  18:40  Zergling x2  
  172  18:44  Infestor x2  
  165  18:50  Baneling x5  
  165  18:53  Zergling x14  
  165  18:55  Hydralisk  
  170  18:56  Queen  
  170  19:01  Hydralisk  
  170  19:02  Zergling x8  
  175  19:06  Queen  
  174  19:13  Overlord x2  
  174  19:14  Overlord  
  145  19:25  Zergling x12  
  145  19:27  Chitinous Plating  
  129  19:39  Infestor  
  129  19:40  Zergling x8  
  129  19:41  Zergling x2  
  136  19:53  Ultralisk  
  141  20:00  Lurker x4  
  144  20:15  Infestor x2  
  144  20:18  Ultralisk x2, Zergling x6  
  119  20:36  Infestor x2, Zergling x2  
  119  20:37  Zergling x2  
  119  20:38  Zergling x2  
  119  20:39  Zergling x14  
  122  20:48  Zergling x8  
  91  21:08  Zergling x14  
Show
View Real Time Build Order
Export as new Build Order

liquidclem Terran - Winner!

Build Orders: Reaper Expand, Hellion Banshee 

Get SALT Encoding   

  8  0:00  SCV  
  9  0:12  SCV  
  10  0:24  SCV  
  10  0:27  Supply Depot  
  11  0:36  SCV  
  12  0:48  SCV  
  13  0:53  Barracks  
  13  1:00  SCV  
  14  1:05  Refinery  
  14  1:12  SCV  
  15  1:25  SCV  
  16  1:40  Orbital Command  
  16  1:48  Reaper  
  17  2:06  Command Center  
  17  2:10  SCV  
  18  2:21  Marine  
  18  2:22  SCV  
  20  2:26  Supply Depot  
  20  2:34  SCV  
  21  2:38  Factory  
  21  2:43  Barracks Reactor  
  21  2:48  SCV  
  22  2:53  Refinery  
  22  3:00  SCV  
  23  3:12  SCV  
  24  3:17  Orbital Command  
  24  3:24  Starport, SCV  
  25  3:29  Hellion  
  25  3:30  Hellion  
  29  3:36  Barracks Tech Lab, SCV  
  30  3:43  SCV  
  31  3:48  SCV  
  31  3:51  Hellion  
  31  3:52  Hellion  
  31  3:55  SCV  
  37  4:01  SCV  
  38  4:03  Supply Depot  
  38  4:06  Banshee  
  38  4:08  Cloaking Field  
  41  4:12  SCV  
  42  4:24  SCV  
  42  4:25  SCV  
  42  4:26  Hellion  
  42  4:27  Supply Depot  
  42  4:28  Hellion  
  42  4:29  Barracks Tech Lab  
  48  4:36  SCV  
  48  4:38  SCV  
  50  4:48  SCV, Supply Depot  
  50  4:49  Banshee  
  50  4:50  SCV  
  55  5:00  SCV  
  55  5:01  Command Center  
  55  5:02  SCV  
  55  5:06  Supply Depot  
  55  5:07  Factory Reactor  
  57  5:13  SCV  
  58  5:14  Barracks  
  58  5:17  Barracks  
  58  5:19  SCV  
  58  5:20  Marine  
  60  5:25  Supply Depot  
  60  5:26  Stimpack  
  60  5:28  SCV  
  61  5:32  Supply Depot  
  61  5:33  SCV  
  62  5:38  Refinery  
  62  5:39  Refinery  
  62  5:40  SCV  
  62  5:42  Starport Reactor  
  63  5:45  SCV  
  63  5:47  Marine  
  65  5:52  SCV  
  65  5:53  Engineering Bay  
  65  5:54  Engineering Bay  
  66  5:59  SCV  
  66  6:02  Marine x2  
  66  6:05  Siege Tank, SCV  
  70  6:12  Marine  
  70  6:13  Marine  
  70  6:15  Marine  
  70  6:20  Barracks, Medivac  
  70  6:21  Barracks, SCV  
  70  6:25  Terran Infantry Weapons Level 1  
  73  6:26  SCV, Marine  
  73  6:30  Terran Infantry Armor Level 1  
  73  6:31  Marine  
  76  6:33  Medivac  
  76  6:36  SCV  
  76  6:38  Marine x2  
  76  6:39  Marine  
  82  6:41  SCV  
  82  6:45  Orbital Command  
  81  6:47  Marine  
  81  6:51  SCV  
  83  6:55  Siege Tank, Supply Depot  
  83  6:56  SCV  
  83  6:59  Medivac  
  83  7:01  Marine x2  
  89  7:03  Marine  
  89  7:04  Marine  
  89  7:05  Marine  
  89  7:06  SCV  
  95  7:08  SCV  
  95  7:12  SCV  
  95  7:14  Barracks Reactor  
  95  7:15  Barracks Reactor  
  97  7:17  Supply Depot  
  97  7:19  SCV, Combat Shield  
  97  7:20  SCV  
  99  7:24  SCV  
  99  7:27  Marine  
  98  7:30  Marine  
  98  7:31  SCV  
  98  7:32  Marine, SCV  
  98  7:36  SCV  
  103  7:39  Marine x2  
  103  7:42  Supply Depot  
  103  7:43  SCV  
  104  7:45  SCV, Marine, Refinery  
  104  7:48  SCV, Factory  
  107  7:51  Marine x3  
  107  7:52  Refinery, Marine  
  107  7:54  Marine x2  
  107  7:55  SCV  
  114  7:58  Supply Depot  
  114  7:59  Armory  
  114  8:03  Marine x2  
  114  8:04  Marine  
  106  8:06  SCV x2  
  106  8:09  Marine, Siege Tank  
  106  8:12  SCV  
  113  8:14  Marine  
  113  8:18  Marine x3, SCV x2  
  113  8:19  Supply Depot  
  119  8:21  Medivac x2  
  119  8:23  Marine  
  119  8:24  Marine x2  
  126  8:31  Marine  
  126  8:32  Factory Reactor, Marine  
  129  8:35  Marine  
  129  8:36  Marine  
  129  8:39  Command Center  
  129  8:40  Marine  
  132  8:41  Marine  
  132  8:42  Marine  
  132  8:45  Marine, Terran Infantry Weapons Level 2  
  132  8:47  Terran Infantry Armor Level 2  
  134  8:49  Marine x2  
  134  8:50  Marine  
  134  8:51  Drilling Claws  
  137  8:56  Supply Depot  
  137  8:59  Marine x2  
  137  9:00  Widow Mine  
  141  9:03  Medivac  
  141  9:05  Supply Depot  
  143  9:14  Supply Depot  
  143  9:17  Marine x4, Medivac  
  143  9:18  Widow Mine x2  
  143  9:19  Marine  
  143  9:21  Marine  
  151  9:26  Marine x3  
  151  9:27  Widow Mine  
  151  9:28  Supply Depot x2  
  151  9:30  SCV  
  157  9:31  SCV  
  157  9:32  SCV  
  157  9:36  Medivac  
  157  9:37  Marine x3  
  164  9:39  Widow Mine  
  164  9:44  Widow Mine  
  167  9:49  Marine x6, Concussive Shells  
  167  9:50  Widow Mine  
  175  9:55  Marine x3  
  175  9:58  SCV  
  169  10:00  Widow Mine, SCV  
  169  10:05  Widow Mine  
  169  10:06  Medivac  
  172  10:07  Marine x3  
  174  10:15  Widow Mine  
  174  10:16  SCV  
  174  10:18  Barracks  
  174  10:19  Barracks, Medivac  
  174  10:20  Barracks  
  174  10:21  Marine x2  
  164  10:22  Widow Mine  
  164  10:24  Marine  
  164  10:25  Planetary Fortress  
  164  10:27  Marine  
  168  10:29  Marine, Widow Mine  
  168  10:30  Marine  
  168  10:32  SCV  
  168  10:33  Marine  
  174  10:36  Marine, Widow Mine  
  174  10:38  SCV  
  174  10:39  Marine, SCV  
  174  10:40  Marine  
  181  10:43  Marine, Widow Mine  
  181  10:47  Medivac  
  181  10:49  Marine, Medivac  
  189  10:50  Marine  
  189  10:51  Widow Mine  
  189  10:52  SCV  
  189  10:56  Marine  
  188  10:58  Widow Mine  
  188  10:59  Marine  
  188  11:03  Marine  
  188  11:04  Marine x2  
  177  11:05  Widow Mine, Marine  
  177  11:06  Barracks Tech Lab x2  
  182  11:12  Widow Mine  
  182  11:13  Barracks Tech Lab  
  182  11:14  Marine x2, Marauder  
  182  11:17  Medivac  
  182  11:18  Marine  
  185  11:19  Widow Mine  
  185  11:20  Marine, SCV  
  185  11:21  Marine  
  185  11:25  Command Center  
  188  11:26  Widow Mine  
  188  11:28  Fusion Core, Starport, Marine  
  188  11:30  Marauder  
  193  11:34  Widow Mine  
  193  11:36  Marauder x2, Marine  
  193  11:39  Refinery  
  200  11:40  Refinery  
  200  11:44  Terran Infantry Weapons Level 3  
  200  11:46  Terran Infantry Armor Level 3  
  200  11:53  Hellion  
  200  11:54  Widow Mine, Marine x3  
  194  11:55  Marine  
  194  11:57  Marauder  
  199  12:05  Marine x2  
  197  12:10  Starport Reactor  
  197  12:12  Terran Vehicle And Ship Armor Level 1  
  197  12:15  Command Center  
  183  12:17  Marauder x2  
  189  12:22  Marine x2  
  189  12:23  Widow Mine  
  189  12:24  Marauder x2  
  189  12:25  Widow Mine  
  197  12:30  Liberator  
  197  12:34  Refinery  
  200  12:37  Advanced Ballistics  
  200  12:43  Widow Mine  
  200  12:44  Marine  
  199  12:50  Marine x2, Marauder  
  199  12:54  Medivac  
  199  13:00  Command Center  
  185  13:13  Widow Mine  
  185  13:14  Marauder x2  
  185  13:17  Widow Mine  
  185  13:19  Liberator x3  
  189  13:21  Marine  
  189  13:22  Marauder  
  189  13:24  Liberator  
  189  13:26  Ghost Academy  
  195  13:28  Marauder  
  195  13:30  Widow Mine  
  197  13:35  Marine  
  197  13:36  Marauder  
  197  13:37  Widow Mine  
  197  13:39  Marauder  
  200  13:43  Planetary Fortress  
  200  13:49  Caduceus Reactor  
  200  13:53  Marine x2  
  200  13:54  Marine x6, Marauder  
  200  13:55  Marauder  
  184  13:56  Widow Mine  
  184  13:57  Marine  
  184  13:58  Planetary Fortress  
  184  14:00  Widow Mine  
  184  14:02  Ghost, Medivac x2  
  196  14:04  SCV  
  196  14:05  SCV  
  196  14:08  Widow Mine  
  200  14:13  Orbital Command  
  200  14:19  Widow Mine  
  200  14:21  Marauder, Marine x3  
  200  14:23  Widow Mine, SCV  
  193  14:24  Marine  
  193  14:26  SCV  
  193  14:27  SCV  
  190  14:35  Missile Turret, Ghost x2  
  190  14:36  Marine x2  
  198  14:41  Hellion  
  200  14:46  Missile Turret  
  197  14:54  Liberator  
  200  15:03  Starport  
  200  15:15  Command Center  
  200  15:18  Command Center  
  200  15:20  Widow Mine  
  200  15:24  Liberator  
  188  15:30  Ghost  
  188  15:32  Ghost x2  
  188  15:33  Widow Mine  
  178  15:40  Ghost  
  178  15:41  SCV  
  169  15:43  Widow Mine  
  169  15:44  Marine x3, Liberator  
  169  15:46  Liberator x3, Widow Mine, Marine x2  
  169  15:49  SCV x2  
  183  15:52  SCV x2  
  183  15:54  SCV, Widow Mine  
  188  16:02  Marine, Marauder x2  
  188  16:03  Marine  
  188  16:04  Marauder  
  195  16:05  Marine x3, Widow Mine  
  200  16:15  Missile Turret  
  200  16:18  Marauder, SCV  
  200  16:19  Medivac  
  200  16:21  Marine x2  
  200  16:22  Marine x3  
  200  16:23  Marine  
  200  16:24  Marauder x2, Marine  
  200  16:25  Marine  
  180  16:26  SCV  
  180  16:29  SCV  
  174  16:36  Orbital Command  
  174  16:37  Marauder  
  174  16:38  Marine  
  172  16:40  SCV  
  172  16:46  SCV x3  
  172  16:47  SCV  
  177  16:50  Ghost  
  180  16:55  Ghost  
  180  16:57  Marine  
  180  16:59  Marine  
  183  17:06  Marine  
  183  17:07  Missile Turret  
  182  17:09  Medivac  
  182  17:11  Marine x2  
  186  17:18  Orbital Command  
  186  17:19  SCV  
  186  17:21  Ghost  
  186  17:22  Ghost  
  193  17:29  Marine, Widow Mine  
  200  17:34  SCV  
  196  17:38  SCV  
  196  17:41  Ghost  
  196  17:42  Factory Reactor  
  192  17:52  Marauder  
  192  17:53  Marine x3, Widow Mine  
  192  17:54  Marauder  
  192  17:56  Marauder  
  192  17:58  Medivac  
  193  17:59  Marine x2  
  193  18:05  Liberator  
  193  18:10  Marauder  
  195  18:14  Marauder  
  195  18:15  Widow Mine  
  199  18:29  Marine  
  199  18:32  Orbital Command  
  199  18:33  Command Center  
  200  18:38  Liberator  
  200  18:41  Marine x2, Marauder x2  
  186  18:42  Marine  
  186  18:47  SCV  
  180  18:49  Marine x4, Marauder x2  
  180  18:52  SCV  
  180  18:53  Medivac  
  180  18:54  Widow Mine, Marine  
  192  18:59  Marine  
  192  19:02  Marauder  
  192  19:06  Marine  
  192  19:09  Marauder  
  195  19:13  Medivac  
  195  19:14  Marine x2  
  195  19:15  Widow Mine, Orbital Command  
  199  19:23  Medivac  
  190  19:26  Marine x3  
  190  19:27  Marine x4  
  190  19:28  Medivac, Marine x2  
  190  19:30  Marine  
  148  19:32  SCV, Marine x2  
  148  19:35  SCV  
  148  19:36  Widow Mine  
  149  19:40  Medivac  
  149  19:41  SCV  
  149  19:45  SCV x2  
  154  19:51  Orbital Command  
  154  19:53  SCV  
  154  19:57  SCV x2  
  154  19:58  SCV, Widow Mine  
  160  20:02  Ghost  
  160  20:06  Ghost  
  163  20:07  SCV  
  163  20:16  Ghost  
  163  20:19  SCV, Widow Mine  
  168  20:27  Orbital Command  
  163  20:29  Marine  
  163  20:32  Marine x2  
  163  20:33  Marine  
  163  20:35  SCV  
  156  20:37  Marauder x3  
  156  20:38  SCV x3  
  156  20:39  SCV x2  
  156  20:41  Widow Mine, Refinery  
  169  20:43  Marine  
  169  20:45  Marauder  
  169  20:47  SCV  
  169  20:48  Marine  
  174  20:51  Marine  
  174  20:52  SCV  
  174  20:53  Marine x2  
  174  20:56  SCV x2  
  178  20:58  Marauder  
  178  20:59  Marauder  
  178  21:02  Marine, Widow Mine, Marauder  
  178  21:03  SCV  
  181  21:04  Marine  
  181  21:07  Marauder  
  181  21:08  Marine  
  181  21:09  Marine  
  181  21:10  Refinery  
Tags
 
Add a new tag
Caveats
  • Supply blocks, unpowered buildings, or Contaminate may cause inaccurate times.
  • Supply counts are checked every 10 seconds.